 Dungeon Crawl Stone Soup version 0.31.0-11-ge490571c62 (webtiles) character file.

Game seed: 15201347734360768841

42 qw the Shooter (level 3, 0/18 HPs)
             Began as a Spriggan Hunter on Feb 4, 2024.
             Succumbed to their own poison gas
             ... on level 2 of the Dungeon.
             The game lasted 00:00:04 (1492 turns).

qw the Shooter (Spriggan Hunter)                    Turns: 1492, Time: 00:00:05

Health: 0/18       AC:  2    Str:  7    XL:     3   Next: 35%
Magic:  4/4        EV: 24    Int: 10    God:
Gold:   75         SH:  0    Dex: 20    Spells: 2/2 levels left

rFire   + . .        a - +1 shortbow (chaos)
rCold   + . .        (shield currently unavailable)
rNeg    . . .        c - +0 robe
rPois   .            (helmet restricted)
rElec   .            g - scarf {rC+ rF+}
rCorr   .            (gloves unavailable)
SInv    +            (boots unavailable)
Will    .....        (no amulet)
Stlth   ++           k - +5 ring of evasion
HPRegen 0.23/turn    (no ring)
MPRegen 0.09/turn

%: no passive effects
@: lethally poisoned (0 -> -3), very quick
A: very small, no large weapons, unfitting armour, see invisible, speed 3
a: no special abilities


You were on level 2 of the Dungeon.
You visited 1 branch of the dungeon, and saw 2 of its levels.

You collected 75 gold pieces.


Innate Abilities, Weirdness & Mutations

You are very small and have problems with some larger weapons.
You are too small for most types of armour.
You have supernaturally acute eyesight. (SInv)
You cover ground extremely quickly. (Speed+++)


   Skills:
 - Level 1.5 Fighting
 + Level 4.7 Ranged Weapons
 - Level 4.0 Dodging
 - Level 1.5 Stealth


You had 2 spell levels left.
You didn't know any spells.
Your spell library was empty.

Inventory:

Hand Weapons
 a - a +1 shortbow of chaos (weapon)
Armour
 c - a +0 robe (worn)
 g - a scarf of resistance (worn)
Jewellery
 k - a +5 ring of evasion (left hand)
Potions
 e - a potion of cancellation
 f - 2 potions of might
 h - 2 potions of heal wounds
 i - a potion of berserk rage {unknown}
 j - a potion of curing {unknown}

Dungeon Overview and Level Annotations

Branches:
Dungeon (2/15)

Altars:


Message History

You feel momentarily disoriented.
It was a scroll of revelation.
Enter note: Done exploring.
1482 ||| READING scroll labelled LICSAU TIGA.
The air fills with toxic fumes!
As you read the scroll labelled LICSAU TIGA, it crumbles to dust.
It was a scroll of poison.
Done exploring.
1483 ||| DROPPING potion of attraction.
You drop a potion of attraction.
Done exploring.
What level of the Dungeon? (default 2, ? - help) Sorry, I don't know how to get there.
Enter note:
Enter note:
Enter note:
Enter note:
Enter note:
Enter note:
Enter note:
Enter note:
Enter note: You are engulfed in poison gas.
You are poisoned.
You feel very sick.
1485 ||| Stepping ~*~*~tactically~*~*~ (cloud).
You feel sick.
You see here a potion of attraction.
There is a lethal amount of poison in your body!
You feel very sick.
There is a lethal amount of poison in your body!
You feel sick.
There is a lethal amount of poison in your body!
You feel sick.
There is a lethal amount of poison in your body!
You feel sick.
There is a lethal amount of poison in your body!
You feel sick.
There is a lethal amount of poison in your body!
You feel sick.
There is a lethal amount of poison in your body!
You die...

#.# #.#.# #..........#.........
#.# #.#.########################
#.####)#.############### #
#........).....¤0####### #
######.#.#######0####### ### #
#.#.#######¤#########.##
#.#.#######¤########.#.#####
#####.#.#######¤#######.###.....
#.....#>#####0¤@########.#.#####
#.#####[#####0###########>######
#.# #...###.######### #....>..
#.# ###.###.######### ########
#.# #.###.######### # #.#
#.###.######### # ##.##
##.###.######### #
#...#####...##.############## #
.........)..................#####


There were no monsters in sight!

Vanquished Creatures
  An adder (D:2)
  3 bats
  3 endoplasms
  3 giant cockroaches
  5 goblins
  2 hobgoblins (D:1)
  2 quokkas
  2 ball pythons (D:2)
  4 frilled lizards
  3 kobolds
  3 rats (D:1)
31 creatures vanquished.

Notes
Turn   | Place    | Note
-------+----------+-------------------------------------------
     0 | D:1      | qw the Spriggan Hunter began the quest for the Orb.
     0 | D:1      | Reached XP level 1. HP: 10/10 MP: 2/2
     0 | D:1      | 0 ||| qw: Version: 0.3-a-160-g6735b56
     0 | D:1      | 0 ||| qw: Game counter: 4648
     0 | D:1      | 0 ||| qw: Melee chars always use a shield: true
     0 | D:1      | 0 ||| qw: God list: Okawaru
     0 | D:1      | 0 ||| qw: Allow faded altars: false
     0 | D:1      | 0 ||| qw: Do Orc after clearing Dungeon:15 true
     0 | D:1      | 0 ||| qw: Do second Lair branch before Depths: true
     0 | D:1      | 0 ||| qw: Lair rune preference: random
     0 | D:1      | 0 ||| qw: Goals: Normal
     0 | D:1      | 0 ||| PLANNING D:1-11
   153 | D:1      | Reached skill level 3 in Dodging
   289 | D:1      | Reached XP level 2. HP: 14/14 MP: 3/3
   797 | D:1      | 797 ||| READING scroll labelled NAKAX MANGIXA.
   797 | D:1      | 797 ||| ENCHANTING +0 shortbow.
   798 | D:1      | 798 ||| READING scroll labelled XUEM JIBLALION.
   799 | D:1      | 799 ||| READING scroll labelled ULAERPH XEOSTROM.
   799 | D:1      | 799 ||| ENCHANTING +0 shortbow.
   800 | D:1      | 800 ||| READING scroll labelled JYFFANWYDU.
   800 | D:1      | 800 ||| IDENTIFYING smoky brown potion
   801 | D:1      | 801 ||| DRINKING 3 sapphire potions.
   802 | D:1      | 802 ||| DRINKING 3 coppery potions.
   803 | D:1      | 803 ||| DROPPING scroll of butterflies.
   804 | D:1      | 804 ||| DROPPING potion of degeneration.
   977 | D:2      | Reached XP level 3. HP: 18/18 MP: 4/4
  1472 | D:2      | 1472 ||| UPGRADING to scarf of resistance.
  1477 | D:2      | 1477 ||| UPGRADING to +5 ring of evasion.
  1478 | D:2      | 1478 ||| READING 2 scrolls of identify.
  1478 | D:2      | 1478 ||| IDENTIFYING grey potion
  1479 | D:2      | 1479 ||| READING scroll of identify.
  1479 | D:2      | 1479 ||| IDENTIFYING clear potion
  1480 | D:2      | 1480 ||| READING scroll labelled KEROTA BIEMIPN.
  1480 | D:2      | 1480 ||| BRANDING +1 shortbow.
  1481 | D:2      | 1481 ||| READING scroll labelled FERAUN PAOPH.
  1482 | D:2      | 1482 ||| READING scroll labelled LICSAU TIGA.
  1483 | D:2      | 1483 ||| DROPPING potion of attraction.
  1485 | D:2      | 1485 ||| Stepping ~*~*~tactically~*~*~ (cloud).
  1488 | D:2      | HP: 4/18 [poisoned by you (poison gas)]
  1490 | D:2      | HP: 1/18 [poisoned by you (poison gas)]
  1492 | D:2      | Succumbed to their own poison gas

Levels and vault maps discovered:
D:1:      lightli_arrival_lavapool, layout_basic,
          amcnicky_mini_rare_corridor_liquid, minmay_heptomino_l4
D:2:      layout_loops_ring, guppyfry_early_lair_pool

Skill      XL: |  1  2 |
---------------+-------+-----
Dodging        | 3 4 |  4.0
Fighting       | |  1.5
Ranged Weapons | |  4.7
Stealth        | |  1.5

Action                     || total
---------------------------++-------
   Fire: Shortbow          ||    59
    Use: Scroll            ||     9
         Potion            ||     2
 Armour: Robe              ||     1
  Dodge: Dodged            ||    20

Table legend:
 A = Non-vault XP
 B = Vault XP
 C = Vault XP percentage of total XP
 D = Non-vault monster count
 E = Vault monster count
 F = Vault count percentage of total count
                 A         B        C        D         E       F
            +---------+---------+-------+---------+---------+-------
      Total |      53 |       8 |  13.1 |      27 |       4 |  12.9
            +---------+---------+-------+---------+---------+-------
        D:1 |      18 |       8 |  30.8 |      12 |       4 |  25.0
        D:2 |      35 |       0 |   0.0 |      15 |       0 |   0.0
            +---------+---------+-------+---------+---------+-------
